 Dungeon Crawl Stone Soup version 0.30-a0-883-g5ad918d77d (webtiles) character file.

Game seed: 14324387425700993603

29330 bande the Cleaver (level 13, -4/86 HPs)
             Began as a Gargoyle Fighter on Mar 15, 2023.
             Was the Champion of Okawaru.
             Killed from afar by a ynoxinul (15 damage)
             ... with an iron shot
             ... on level 5 of the Lair of Beasts on Mar 16, 2023.
             The game lasted 00:26:18 (14385 turns).

bande the Cleaver (Gargoyle Fighter)               Turns: 14385, Time: 00:26:19

Health: -4/86      AC: 35    Str: 21    XL:     13   Next: 44%
Magic:  29/29      EV:  4    Int:  7    God:    Okawaru [******]
Gold:   1012       SH: 17    Dex: 16    Spells: 12/12 levels left

rFire   . . .      SeeInvis .    H - +2 broad axe of Dishonour {protect, MP+9}
rCold   . . .      Faith    .    B - +0 tower shield
rNeg    + + .      Spirit   .    C - +0 plate armour
rPois   ∞          Reflect  .    D - +2 hat {Will+}
rElec   +          Rampage  .    E - +2 cloak "Zyuduthre" {Dex+3}
rCorr   .                        m - +1 pair of gloves
Will    +....                    n - +0 pair of boots Stlth
                                 q - amulet of regeneration
HPRegen 1.14/turn                k - ring of positive energy
MPRegen 0.21/turn                (no ring)

@: no status effects
A: sickness immunity, AC +9, negative energy resistance 1, electricity
resistance, torment resistance 1, petrification resistance, horns 1, iridescent
scales 1, dopey 1, robust 1
a: Renounce Religion, Heroism, Finesse, Duel


You were on level 5 of the Lair of Beasts.
You worshipped Okawaru.
Okawaru was exalted by your worship.
You visited 3 branches of the dungeon, and saw 15 of its levels.

You collected 1012 gold pieces.

Inventory:

Hand Weapons
 a - a +1 war axe of freezing
 c - a +5 heavy war axe
 A - a +4 flail
 H - the +2 broad axe of Dishonour (weapon) {protect, MP+9}
   (Okawaru gifted it to you on level 5 of the Lair of Beasts)

   MP:        It affects your magic capacity (+9).
Missiles
 w - 2 throwing nets (quivered)
Armour
 m - a +1 pair of gloves (worn)
 n - a +0 pair of boots (worn)
 B - a +0 tower shield (worn)
 C - a +0 plate armour (worn)
 D - a +2 hat of willpower (worn)
 E - the +2 cloak "Zyuduthre" (worn) {Dex+3}
   (Okawaru gifted it to you on level 1 of the Lair of Beasts)

   Dex:       It affects your dexterity (+3).
Jewellery
 k - a ring of positive energy (left hand)
 q - an amulet of regeneration (around neck)
 G - a ring of ice
Wands
 i - a wand of charming (20)
 l - a wand of digging (6)
 x - a wand of flame (20)
 z - a wand of roots (12)
Scrolls
 b - 3 scrolls of enchant weapon
 e - 2 scrolls of magic mapping
 g - 6 scrolls of teleportation
 h - 2 scrolls of blinking
 r - a scroll of poison
 s - 5 scrolls of fear
 u - 9 scrolls of identify
 y - 6 scrolls of enchant armour
 F - a scroll of brand weapon
Potions
 d - 3 potions of might
 f - 6 potions of haste
 j - 2 potions of magic
 o - 3 potions of brilliance
 p - 2 potions of flight
 t - a potion of resistance
 v - 3 potions of curing


   Skills:
 + Level 8.7 Fighting
 + Level 11.5 Axes
 + Level 10.1 Armour
 + Level 10.4 Shields
 * Level 9.6 Invocations
 * Level 8.1 Evocations


You had 12 spell levels left.
You didn't know any spells.
Your spell library contained the following spells:

 Spells                   Type           Power      Damage    Failure   Level
 Apportation              Tloc           0%         N/A       100%        1
 Necrotise                Necr           0%         1d4       100%        1
 Sandblast                Erth           0%         2d4       100%        1
 Shock                    Conj/Air       0%         1d3       100%        1
 Ensorcelled Hibernation  Hex/Ice        0%         N/A       100%        2
 Passwall                 Tmut/Erth      0%         N/A       100%        2
 Poisonous Vapours        Pois/Air       0%         N/A       100%        2
 Dazzling Flash           Conj/Hex       0%         N/A       100%        3
 Ignite Poison            Fire/Tmut/Pois 0%         N/A       100%        3
 Kindle Blastsparks       Fire/Tloc/Air  0%         2d10      100%        3
 Mephitic Cloud           Conj/Pois/Air  0%         N/A       100%        3
 Portal Projectile        Hex/Tloc       0%         N/A       100%        3
 Stone Arrow              Conj/Erth      0%         3d7       100%        3
 Swiftness                Air            0%         N/A       100%        3
 Airstrike                Air            0%         2d(0-16)  100%        4
 Fulminant Prism          Conj/Hex       0%         3d5       100%        4
 Iskenderun's Mystic Bla  Conj/Tloc      0%         2d3       100%        4
 Leda's Liquefaction      Hex/Erth       0%         N/A       100%        4
 Petrify                  Tmut/Erth      0%         N/A       100%        4
 Sticky Flame             Conj/Fire      0%         2d3       100%        4
 Blade Hands              Tmut           0%         N/A       100%        5
 Irradiate                Conj/Tmut      0%         3d11      100%        5
 Lee's Rapid Deconstruct  Erth           0%         3d4*      100%        5
 Metabolic Englaciation   Hex/Ice        0%         N/A       100%        5
 Iron Shot                Conj/Erth      0%         9d1       100%        6
 Starburst                Conj/Fire      0%         6d3       100%        6
 Ignition                 Fire           0%         3d3       100%        8
 Summon Small Mammal      Summ           Unusable   N/A       N/A         1
 Cigotuvi's Dreadful Rot  Necr/Pois/Air  Unusable   N/A       N/A         2
 Sublimation of Blood     Necr           Unusable   N/A       N/A         2
 Call Canine Familiar     Summ           Unusable   N/A       N/A         3
 Animate Armour           Summ/Erth      Unusable   N/A       N/A         4
 Statue Form              Tmut/Erth      Unusable   N/A       N/A         6

Dungeon Overview and Level Annotations

Branches:
Dungeon (9/15)             Temple (1/1) D:4            Lair (5/5) D:9
 Shoals (0/4) Lair:3        Snake (0/4) Lair:3        Slime (0/5) Lair:4
    Orc: D:9-12

Altars:
Ashenzari
Cheibriados
Dithmenos
Elyvilon
Gozag
Hepliaklqana
Kikubaaqudgha
Makhleb
Nemelex Xobeh
Okawaru
Qazlal
Ru
Sif Muna
Trog
Uskayaw
Vehumet
Wu Jian
Xom
Zin
The Shining One
Jiyva

Shops:
D:6 :

Annotations:
D:7 2 transporters, Rudyous's ghost, novice GnCj
Lair:2 2 transporters, Xenemn's ghost, journeyman TrFi
Lair:3 1 runed translucent door, Rupert
Lair:5 Nabski's ghost, journeyman TeFE


Innate Abilities, Weirdness & Mutations

You are immune to sickness and miasma.
Your stone body is resilient. (AC +9)
You are immune to poison.
You resist negative energy. (rN+)
You are resistant to electric shocks. (rElec)
You are resistant to unholy torment.
You are immune to petrification.
You have a pair of small horns on your head.
You are partially covered in iridescent scales. (AC +2)
You are dopey. (Int -2)
You are robust. (+10% HP)


Message History

The smoke demon hits you but does no damage. x2
The chaos spawn gores you but does no damage.
You slash the blink frog!
You kill the blink frog!
Okawaru accepts your kill.
You completely miss the smoke demon. You slash the chaos spawn!
You kill the chaos spawn!
Okawaru accepts your kill.
The chaos spawn degenerates into a cloud of primal chaos!
The smoke demon gestures at you. You block the sticky flame.
The blink frog is engulfed in seething chaos.
The blink frog goes berserk!
You block the blink frog's attack. The blink frog hits you.
* * * LOW HITPOINT WARNING * * *
The blink frog blinks!
The smoke demon gestures at you.
The sticky flame hits you but does no damage.
You are covered in liquid flames!
You are covered in liquid flames!
* * * LOW HITPOINT WARNING * * *
Your surroundings suddenly seem different.
Splash!
You fall into the shallow water.
Moving in this stuff is going to be slow.
You hear a bellow!
You hear a loud, deep croak!
You are covered in liquid flames!
* * * LOW HITPOINT WARNING * * *
You hear a loud, deep croak!
You are covered in liquid flames!
* * * LOW HITPOINT WARNING * * *
The ynoxinul bellows!
You hear a loud, deep croak!
The ynoxinul gestures.
A blink frog comes into view.
You hear a croak.
The blink frog blinks!
You hear a loud, deep croak!
The ynoxinul gestures at you. The iron shot hits you!
You die...

.......#..#W#SH#..........#
.......#########..P# ....
.................#####..#
..............#.P#..#P.##
............##.........#
#.P...........:.....#
#.........#.#......##
##..[...#.######...#
##.....#..@..§....##
##....#.~~≈~5~#..P# ...#
##...##.≈≈≈≈~#....#### ##
≈..#
#....#..≈≈≈≈3##.....P##.##
≈..#
###..#.~≈F≈≈.~.....P......
≈.##
#.#..#~.~~~......÷.......
...#
##....###~##.............
...#
##....####..............
...###
#............#.........


You could see a blink frog, a ynoxinul and an ufetubus (summoned).

Vanquished Creatures
  Gastronok (Lair:1)
  A catoblepas (Lair:1)
  3 hydras
  A two-headed ogre (D:9)
  Nergalle (Lair:2)
  2 skysharks
  An ugly thing (D:8)
  5 black mambas
  6 cane toads
  4 torpor snails
  8 komodo dragons
  2 rime drakes
  An ancient zyme (Lair:5)
  A troll (shapeshifter) (Lair:5)
  A polar bear (Lair:4)
  11 blink frogs
  A slime creature (D:8)
  A spriggan (Lair:5)
  26 yaks
  2 wyverns
  A wraith (D:8)
  2 basilisks (Lair:5)
  A chaos spawn (Lair:5)
  A human (Lair:3)
  A steam dragon (D:7)
  8 small abominations (Lair:5)
  3 nagas (Lair:3)
  A large abomination (Lair:5)
  Duvessa (D:5)
  An acid dragon (D:8)
  10 water moccasins
  2 sky beasts (D:8)
  A black bear (Lair:3)
  8 orc warriors
  15 wolves
  3 centaurs (D:8)
  A phantom (D:7)
  5 kobold brigands
  11 bullfrogs
  A gnoll sergeant (D:9)
  3 scorpions
  10 wights (D:8)
  Dowan (D:5)
  A killer bee (D:8)
  2 howler monkeys
  4 hounds
  2 sleepcaps
  4 jellies
  4 orc priests
  An iron imp (D:6)
  An iguana (D:6)
  5 hell rats (Lair:5)
  16 orc wizards
  6 gnolls
  6 adders
  A shadow imp (D:7)
  2 white imps
  An ufetubus (D:7)
  5 worms
  2 dart slugs
  44 orcs
  12 ball pythons
  7 bats
  11 endoplasms
  5 giant cockroaches
  12 goblins
  17 hobgoblins
  10 jackals
  14 kobolds
  5 quokkas
  9 frilled lizards
  11 rats
390 creatures vanquished.

Vanquished Creatures (others)
  A bush (Lair:5)
  6 fungi
  8 plants
15 creatures vanquished.

Grand Total: 405 creatures vanquished

Notes
Turn   | Place    | Note
-------+----------+-------------------------------------------
     0 | D:1      | bande the Gargoyle Fighter began the quest for the Orb.
     0 | D:1      | Reached XP level 1. HP: 14/14 MP: 1/1
   257 | D:1      | Reached XP level 2. HP: 19/19 MP: 2/2
   298 | D:1      | Reached skill level 2 in Axes
   620 | D:1      | Reached XP level 3. HP: 23/23 MP: 3/3
  1127 | D:2      | Reached XP level 4. HP: 28/28 MP: 4/4
  1174 | D:2      | Reached skill level 3 in Axes
  2201 | D:3      | Reached XP level 5. HP: 33/33 MP: 5/5
  2204 | D:3      | Found an ornate altar of the Wu Jian Council.
  2220 | D:3      | Found an opulent altar of Gozag.
  2586 | D:3      | Reached skill level 4 in Axes
  2714 | D:3      | Reached skill level 1 in Evocations
  2747 | D:3      | Reached XP level 6. HP: 37/38 MP: 6/6
  3413 | D:4      | Found a staircase to the Ecumenical Temple.
  3425 | Temple   | Entered the Ecumenical Temple
  3497 | Temple   | Became a worshipper of Warmaster Okawaru
  4004 | D:5      | Entered Level 5 of the Dungeon
  4030 | D:5      | Reached XP level 7. HP: 43/43 MP: 7/7
  4067 | D:5      | Noticed Duvessa
  4068 | D:5      | Found a hazy altar of Hepliaklqana.
  4076 | D:5      | Killed Duvessa
  4077 | D:5      | Reached skill level 5 in Axes
  4077 | D:5      | Reached skill level 1 in Invocations
  4077 | D:5      | Noticed Dowan
  4085 | D:5      | Killed Dowan
  4097 | D:5      | Gained mutation: You occasionally lose the ability to read
                  | scrolls when taking damage. [potion of mutation]
  4097 | D:5      | Gained mutation: Armour fits poorly on your strangely
                  | shaped body. [potion of mutation]
  4098 | D:5      | Lost mutation: You occasionally lose the ability to read
                  | scrolls when taking damage. [potion of mutation]
  4098 | D:5      | Lost mutation: Armour fits poorly on your strangely shaped
                  | body. [potion of mutation]
  4098 | D:5      | Gained mutation: You are robust. (+10% HP) [potion of
                  | mutation]
  4098 | D:5      | Gained mutation: You are dopey. (Int -2) [potion of
                  | mutation]
  4098 | D:5      | Gained mutation: You have a pair of small horns on your
                  | head. [potion of mutation]
  4098 | D:5      | Gained mutation: You are partially covered in iridescent
                  | scales. (AC +2) [potion of mutation]
  4338 | D:5      | Reached skill level 5 in Armour
  4344 | D:5      | Reached XP level 8. HP: 42/52 MP: 9/9
  4830 | D:6      | Reached * piety under Okawaru
  4942 | D:6      | Found Cuores's Tremendous Tomes.
  5021 | D:6      | Found a bloodstained altar of Trog.
  5024 | D:6      | Found a snail-covered altar of Cheibriados.
  5075 | D:6      | Found a burning altar of Makhleb.
  5105 | D:6      | Reached skill level 6 in Axes
  5217 | D:6      | Found a shimmering blue altar of Sif Muna.
  5631 | D:7      | Noticed a troll
  5631 | D:7      | Noticed a vampire
  5632 | D:7      | Found a transporter.
  5632 | D:7      | Noticed Rudyous's ghost (novice GnCj)
  5712 | D:7      | Found a transporter.
  5725 | D:7      | HP: 1/52 [steam dragon/ball of steam (20)]
  5727 | D:7      | Reached ** piety under Okawaru
  5728 | D:7      | Reached skill level 5 in Fighting
  6210 | D:7      | Found a sacrificial altar of Ru.
  6292 | D:7      | Found a runed translucent door.
  6465 | D:8      | Noticed a slime creature
  6475 | D:8      | Reached XP level 9. HP: 58/59 MP: 11/11
  6497 | D:8      | Reached *** piety under Okawaru
  6508 | D:8      | Reached skill level 7 in Axes
  6519 | D:8      | Reached skill level 5 in Shields
  6644 | D:8      | Noticed a cyan ugly thing
  6647 | D:8      | Reached **** piety under Okawaru
  6654 | D:8      | Reached skill level 5 in Invocations
  6654 | D:8      | Reached XP level 10. HP: 43/66 MP: 13/13
  6663 | D:8      | Killed a cyan ugly thing
  6667 | D:8      | Reached skill level 8 in Axes
  7079 | D:7      | Reached skill level 5 in Evocations
  7304 | D:8      | Found a shadowy altar of Dithmenos.
  7337 | D:8      | Found a hide-covered altar of Uskayaw.
  7503 | D:8      | Found a glowing golden altar of the Shining One.
  7783 | D:9      | Found a staircase to the Lair.
  7786 | D:9      | Reached ***** piety under Okawaru
  7836 | D:9      | Noticed a two-headed ogre
  7840 | D:9      | Killed a two-headed ogre
  8505 | Lair:1   | Entered Level 1 of the Lair of Beasts
  8521 | Lair:1   | Reached XP level 11. HP: 68/72 MP: 15/15
  8652 | Lair:1   | Reached skill level 9 in Axes
  8775 | Lair:1   | Noticed Gastronok
  8793 | Lair:1   | Killed Gastronok
  8793 | Lair:1   | Identified the +2 cloak "Zyuduthre" {Dex+3} (Okawaru gifted
                  | it to you on level 1 of the Lair of Beasts)
  8793 | Lair:1   | Received a gift from Okawaru
  8974 | Lair:1   | Noticed a catoblepas
  8996 | Lair:1   | Killed a catoblepas
  9365 | Lair:2   | Noticed Nergalle
  9563 | Lair:2   | Killed Nergalle
  9649 | Lair:2   | Found a transporter.
  9713 | Lair:2   | Reached skill level 10 in Axes
  9714 | Lair:2   | Reached ****** piety under Okawaru
  9831 | Lair:2   | Found a transporter.
  9837 | Lair:2   | Noticed a moth of wrath
  9837 | Lair:2   | Noticed Xenemn's ghost (journeyman TrFi)
  9838 | Lair:2   | Noticed a moth of wrath
  9898 | Lair:2   | Reached XP level 12. HP: 79/79 MP: 17/17
  9920 | Lair:2   | Found a snail-covered altar of Cheibriados.
 10188 | Lair:2   | Identified the +2 plate armour of the Eleven Knives {Contam
                  | rN+ Str+2 SInv}
 11375 | Lair:3   | Found a staircase to the Shoals.
 11602 | Lair:3   | Received a gift from Okawaru
 11673 | Lair:3   | Found a staircase to the Snake Pit.
 11890 | Lair:3   | Noticed a skyshark
 11913 | Lair:3   | Killed a skyshark
 11944 | Lair:3   | Found a runed translucent door.
 11944 | Lair:3   | Noticed Rupert
 12450 | Lair:4   | Found a staircase to the Slime Pits.
 12450 | Lair:4   | Found a viscous altar of Jiyva.
 12512 | Lair:4   | Noticed an eight-headed hydra
 12529 | Lair:4   | Killed an eight-headed hydra
 12573 | Lair:4   | Noticed a six-headed hydra
 12594 | Lair:4   | Killed a six-headed hydra
 12859 | Lair:4   | Reached skill level 11 in Axes
 13191 | Lair:4   | Reached XP level 13. HP: 85/85 MP: 19/19
 13555 | Lair:5   | Entered Level 5 of the Lair of Beasts
 13711 | Lair:5   | Reached skill level 10 in Shields
 13871 | Lair:5   | Reached skill level 10 in Armour
 14049 | Lair:5   | Identified the +1 robe of Jiampeec {rPois rC++ MP+9 Dex-3}
 14049 | Lair:5   | Noticed Nabski's ghost (journeyman TeFE)
 14050 | Lair:5   | Noticed a minotaur
 14121 | Lair:5   | Identified the +2 broad axe of Dishonour {protect, MP+9}
                  | (Okawaru gifted it to you on level 5 of the Lair of Beasts)
 14121 | Lair:5   | Received a gift from Okawaru
 14385 | Lair:5   | Killed from afar by a ynoxinul

Illustrated notes

Levels and vault maps discovered:
D:1:      amcnicky_arrival_choice, layout_basic, roderic_serpentine_path,
          minmay_split_cup_large
D:2:      minmay_thinvault, layout_loops_cross
D:3:      minmay_bubble_buster, layout_basic, old_standard_altar,
          nicolae_gozag_seed_capital, cheibrodos_sewer_entry_sluice,
          due_unseen_surprise
D:4:      layout_basic, minmay_temple_entry_proselytizer, serial_corexii_hall,
          corexii_hall_statues_t, chequers_hall_statues_y,
          chequers_hall_statues_corner_a, chequers_hall_statues_wall_a
D:5:      layout_basic, mainiacjoe_overflow_small_starburst, uniq_duvessa
D:6:      layout_rooms, lemuel_blue_sif_altar, nicolae_overflow_squiral,
          makhleb_grotto_becter, nrook_campfire, nicolae_shop_i_like_big_books,
          kennysheep_generic_room_16
D:7:      layout_layer_cave, lemuel_crystal_altar, gammafunk_ghost_arena,
          lightli_church_of_beogh
D:8:      cheibrodos_fzero, layout_rooms, tso_oasis_becter,
          nicolae_uskayaw_suspiria, mainiacjoe_overflow_tiny_flanked
D:9:      layout_stronghold, lair_entry_dummy
Temple:   jpeg_temple_island
Lair:1:   layout_long_grid, uniq_gastronok
Lair:2:   layout_chaotic_city, gammafunk_ghost_berserking_beasts,
          kennysheep_snail_temple, uniq_nergalle
Lair:3:   layout_big_grid, shoals_dummy_entry, nicolae_snake_entry_squirm,
          serial_bayou_pond_c, chequers_serial_rivers_small_3,
          pdpol_lair_cabin_in_the_woods
Lair:4:   layout_cave_pods, slime_entry_1, grunt_megastairs_4
Lair:5:   hellmonk_lair_end_abyssal_woods, layout_cellular_growth,
          maelrawn_ghost_gauntlet_escape, minmay_hedge_maze,
          nicolae_lair_lil_pond, chequers_serial_rivers_micro_d,
          lemuel_fruit_tree

Skill      XL: |  1  2  3  4  5  6  7  8  9 10 11 12 13 |
---------------+----------------------------------------+-----
Axes           | 2 3 4 5 6 7 8 10 11 | 11.5
Armour         | 4 5 6 7 8 9 10 | 10.1
Evocations     | 1 2 3 4 5 6 7 8 |  8.1
Fighting       | 4 5 6 7 8 |  8.7
Shields        | 4 5 6 8 9 10 | 10.4
Invocations    | 2 3 5 6 7 9 |  9.6

Action                     |  1- 3 |  4- 6 |  7- 9 | 10-12 | 13-15 || total
---------------------------+-------+-------+-------+-------+-------++-------
  Melee: War axe           |   129 |   180 |   203 |   533 |    47 ||  1092
         Headbutt          |       |       |    34 |   153 |    39 ||   226
         Flail             |       |       |       |    16 |    11 ||    27
         Broad axe         |       |       |       |       |   112 ||   112
 Invoke: Heroism           |       |       |       |     1 |       ||     1
  Evoke: Wand              |       |       |       |     1 |       ||     1
    Use: Scroll            |     7 |     8 |     7 |     5 |     1 ||    28
         Potion            |       |       |     5 |     3 |     1 ||     9
 Armour: Scale mail        |    73 |   186 |    49 |       |       ||   308
         Chain mail        |       |       |   214 |   404 |       ||   618
         Plate armour      |       |       |       |   222 |   215 ||   437
  Dodge: Dodged            |    67 |   136 |   136 |   143 |    46 ||   528
  Block: Buckler           |    31 |    54 |    85 |    22 |       ||   192
         Tower shield      |       |       |       |   619 |   259 ||   878

Table legend: (Time is in decaauts)
 A = Elapsed time spent in this place.
 B = Non-inter-level travel time spent in this place.
 C = Inter-level travel time spent in this place.
 D = Time resting spent in this place.
 E = Time spent auto-exploring this place.
 F = Levels seen in this place.
 G = Mean time per level.
                   A        B        C        D        E       F      G
               +--------+--------+--------+--------+--------+-----+--------+
         Total |  15270 |  14298 |    972 |   1722 |   8319 |  15 | 1018.0 |
       Dungeon |   9860 |   9025 |    835 |    819 |   5474 |   9 | 1095.6 |
        Temple |     90 |     90 |      0 |      0 |     60 |   1 |   90.0 |
          Lair |   5318 |   5181 |    137 |    903 |   2785 |   5 | 1063.6 |
               +--------+--------+--------+--------+--------+-----+--------+

Top non-repeatable levels by time:
     D:7: 1490 daAuts
  Lair:4: 1444 daAuts
     D:4: 1373 daAuts
  Lair:1: 1176 daAuts
     D:8: 1126 daAuts
     D:9: 1090 daAuts
     D:3: 1071 daAuts
     D:2: 1068 daAuts
     D:1: 988 daAuts
  Lair:2: 978 daAuts
     D:5: 958 daAuts
  Lair:3: 954 daAuts
  Lair:5: 764 daAuts
     D:6: 692 daAuts
  Temple: 90 daAuts
